 Dungeon Crawl Stone Soup version 0.26.0-10-g1f06aea511 (webtiles) character file.

Game seed: 18350349399009280356

97234 jackrogers the Warrior (level 16, -71/151 HPs)
             Began as a Hill Orc Abyssal Knight on Jan 13, 2021.
             Was the Champion of Lugonu.
             Killed from afar by a fire giant (79 damage)
             ... with a bolt of fire
             ... on level 15 of the Dungeon on Jan 14, 2021.
             The game lasted 00:51:14 (26459 turns).

jackrogers the Warrior (Hill Orc Abyssal Knight)   Turns: 26459, Time: 00:51:15

Health: -71/151    AC: 28    Str: 22    XL:     16   Next: 19%
Magic:  17/21      EV: 16    Int: 10    God:    Lugonu [******]
Gold:   1430       SH: 26    Dex: 14    Spells: 15/15 levels left

rFire    . . .     SeeInvis +   a - +7 war axe of Courage {vamp, Dex+4}
rCold    . . .     Faith    .   B - +1 tower shield {rPois}
rNeg     + + +     Spirit   .   x - +3 plate armour of Untruth {Harm rN+++ Will+ Int-2}
rPois    +         Reflect  +   f - +1 helmet {SInv}
rElec    .         Harm     +   c - +0 cloak
rCorr    .         Rampage  .   Z - +0 pair of gloves
Will     +++..                  e - +1 pair of boots
Stlth    ..........             P - amulet of Zin's Felicitations {Reflect Will+ SH+5}
HPRegen  0.35/turn              C - +4 ring of slaying
MPRegen  0.17/turn              W - ring of the Hare {EV+8}

@: no status effects
A: no striking features
a: Renounce Religion, Depart the Abyss, Bend Space, Banish, Corrupt, Enter the
Abyss, Brand Weapon With Distortion


You were on level 15 of the Dungeon.
You worshipped Lugonu.
Lugonu was exalted by your worship.
You visited 3 branches of the dungeon, and saw 23 of its levels.
You visited the Abyss 2 times.
You also visited: Bailey and Ice Cave.

You collected 2699 gold pieces.
You spent 1269 gold pieces at shops.

Inventory:

Hand Weapons
 a - the +7 war axe of Courage (weapon) {vamp, Dex+4}
   (You bought it in a shop on level 7 of the Dungeon)

   It inflicts no extra harm, but heals its wielder when it wounds a living foe.
   It affects your dexterity (+4).
 b - a +7 long sword of flaming
   (You took it off Urug on level 13 of the Dungeon)
 u - a +0 battleaxe of freezing
   (You took it off a frost giant in an ice cave)
Missiles
 k - 139 poisoned darts
 l - 45 boomerangs
 q - 9 curare-tipped darts
 t - 8 silver boomerangs
 N - 6 silver javelins (quivered)
 Y - 3 datura-tipped darts
Armour
 c - a +0 cloak (worn)
   (You found it on level 6 of the Dungeon)
 e - a +1 pair of boots (worn)
   (You found it on level 1 of the Dungeon)
 f - a +1 helmet of see invisible (worn)
   (You found it in a bailey)
 x - the +3 plate armour of Untruth (worn) {Harm rN+++ Will+ Int-2}
   (You found it on level 4 of the Dungeon)

   It affects your intelligence (-2).
   It renders you almost immune to negative energy.
   It affects your willpower, your defense against some magical effects.
   It increases damage dealt and taken.
 B - a +1 tower shield of poison resistance (worn)
   (You bought it in a shop on level 2 of the Orcish Mines)
 Z - a +0 pair of gloves (worn)
   (You bought it in a shop on level 2 of the Orcish Mines)
Jewellery
 i - an uncursed amulet of regeneration {+regen, !d}
   (You found it on level 1 of the Dungeon)
 C - a +4 ring of slaying (left hand)
   (You acquired it on level 10 of the Dungeon)
 I - an uncursed ring of flight {+Fly, !d}
   (You found it on level 13 of the Dungeon)
 J - a +4 ring of evasion
   (You found it on level 6 of the Lair of Beasts)
 P - the amulet of Zin's Felicitations (around neck) {Reflect Will+ SH+5}
   (You found it in a bailey)

   [amulet of reflection]

   It shields you and reflects attacks.
   It affects your willpower, your defense against some magical effects.
   It affects your SH (+5).
 Q - the ring of Cimam {Fire Dex+7}
   (You found it on level 7 of the Dungeon)

   [ring of fire]

   It enhances your fire magic.
   It affects your dexterity (+7).
   It protects you from fire.
   It makes you vulnerable to cold.
 W - the ring of the Hare (right hand) {EV+8}
   (You found it on level 1 of the Lair of Beasts)

   [ring of evasion]

   It affects your evasion (+8).
Wands
 g - a wand of paralysis (8)
   (You found it on level 3 of the Lair of Beasts)
 h - a wand of random effects (53)
   (You took it off Ijyb on level 3 of the Dungeon)
 o - a wand of acid (35)
   (You found it on level 10 of the Dungeon)
 p - a wand of polymorph (53)
   (You found it on level 6 of the Dungeon)
 D - a wand of digging (7)
   (You found it on level 5 of the Dungeon)
 K - a wand of flame (18)
   (You found it on level 5 of the Lair of Beasts)
 L - a wand of disintegration (5)
   (You found it on level 7 of the Dungeon)
 S - a wand of iceblast (8)
   (You found it on level 12 of the Dungeon)
Scrolls
 d - 3 scrolls of enchant weapon
 m - a scroll of fear
 y - 7 scrolls of identify
 z - 3 scrolls of blinking {!r}
 E - 3 scrolls of teleportation
 O - 12 scrolls of remove curse
 T - a scroll of magic mapping {!r}
 V - 3 scrolls of enchant armour
 X - a scroll of amnesia
Potions
 j - 5 potions of flight
 n - a potion of haste
 r - 3 potions of resistance
 s - 3 potions of ambrosia
 v - 4 potions of might
 w - a potion of cancellation
 A - 2 potions of brilliance
 F - 2 potions of magic
 G - 2 potions of berserk rage {!q}
 H - 8 potions of curing
 M - a potion of mutation {!q}
 R - a potion of attraction {!q}
 U - a potion of heal wounds


   Skills:
 + Level 16.1 Fighting
 - Level 16.0 Axes
 + Level 14.8 Armour
 - Level 6.2 Dodging
 + Level 15.0 Shields
 - Level 6.9 Invocations


You had 15 spell levels left.
You didn't know any spells.
Your spell library contained the following spells:

 Spells                   Type           Power        Failure   Level
 Animate Skeleton         Necr           0%           100%        1
 Apportation              Tloc           0%           100%        1
 Corona                   Hex            0%           100%        1
 Magic Dart               Conj           0%           100%        1
 Shock                    Conj/Air       0%           100%        1
 Summon Small Mammal      Summ           0%           100%        1
 Blink                    Tloc           N/A          100%        2
 Call Imp                 Summ           0%           100%        2
 Slow                     Hex            0%           100%        2
 Swiftness                Air            0%           100%        2
 Confusing Touch          Hex            0%           100%        3
 Conjure Flame            Conj/Fire      0%           100%        3
 Gell's Gravitas          Tloc           0%           100%        3
 Mephitic Cloud           Conj/Pois/Air  0%           100%        3
 Static Discharge         Conj/Air       0%           100%        3
 Airstrike                Air            0%           100%        4
 Cause Fear               Hex            0%           100%        4
 Petrify                  Tmut/Erth      0%           100%        4
 Lightning Bolt           Conj/Air       0%           100%        5
 Metabolic Englaciation   Hex/Ice        0%           100%        5
 Silence                  Hex/Air        0%           100%        5
 Yara's Violent Unravell  Hex/Tmut       0%           100%        5
 Discord                  Hex            0%           100%        8


Dungeon Overview and Level Annotations

Branches:
Dungeon (15/15)            Temple (0/1) D:4            Lair (6/6) D:11
 Shoals (0/4) Lair:4        Snake (0/4) Lair:4        Slime (0/5) Lair:5
    Orc (2/2) D:12            Elf (0/3) Orc:2        Vaults (0/5) D:14
 Depths (0/5) D:15         Bailey (visited)           IceCv (visited)

Altars:
Cheibriados
Dithmenos
Fedhas
Okawaru
Ru
Vehumet
Xom
Yredelemnul
The Shining One
Beogh
Jiyva

Shops:
D:7 =(!   D:11 :   D:12 [   D:13 [   Orc:2 =*[([

Annotations:
D:5 1 runed translucent door
Lair:5 3 runed translucent doors, Qeimiotua's ghost, journeyman MiFi; Ruewk's ghost, journeyman CeAM
Orc:2 corrupted


Message History

A centaur warrior zombie is nearby!
A centaur warrior zombie is nearby!
A deep elf mage comes into view. It is wielding a +0 long sword.
Spoiler Alert: The deep elf mage can cast fireball and slow!
The centaur warrior zombie hits you but does no damage.
Found an escape hatch in the ceiling.
You slice the centaur warrior zombie!!
You hear a shout!
A centaur warrior comes into view.
You block the centaur warrior zombie's attack.
Warning x2: The centaur warrior can hit for high damage at range!
The deep elf mage can cast fireball and slow!
You slice the centaur warrior zombie!! You slash the deep elf mage!
You block the deep elf mage's attack.
The centaur warrior zombie hits you but does no damage.
Warning x2: The centaur warrior can hit for high damage at range!
The deep elf mage can cast fireball and slow!
You open the centaur warrior zombie like a pillowcase!!!
You destroy the centaur warrior zombie!
Lugonu accepts your kill.
You slash the deep elf mage!
The centaur warrior wields a +0 shortbow.
The centaur warrior shoots an arrow.
You reflect the arrow off an invisible shield around you!
The arrow hits the centaur warrior!
You block the deep elf mage's attack.
Warning x2: The deep elf mage can cast fireball and slow!
The centaur warrior can hit for high damage at range!
The centaur warrior shoots an arrow.
You reflect the arrow off an invisible shield around you!
The arrow closely misses the centaur warrior.
The centaur warrior shoots an arrow.
You reflect the arrow off an invisible shield around you!
The arrow hits the centaur warrior!!
Warning x2: The deep elf mage can cast fireball and slow!
The centaur warrior can hit for high damage at range!
You closely miss the deep elf mage.
The deep elf mage casts a spell.
The deep elf mage blinks!
The centaur warrior shoots an arrow.
You reflect the arrow off an invisible shield around you!
The arrow hits the centaur warrior!
Warning x2: The deep elf mage can cast fireball and slow!
The centaur warrior can hit for high damage at range!
The deep elf mage casts a spell.
The deep elf mage blinks!
The centaur warrior shoots an arrow.
The arrow hits you but does no damage.
You see here an arrow.
Warning x2: The deep elf mage can cast fireball and slow!
The centaur warrior can hit for high damage at range!
The centaur warrior shoots an arrow.
You reflect the arrow off an invisible shield around you!
The arrow hits the centaur warrior!
You kill the centaur warrior!
Lugonu accepts your kill.
Your Shields skill increases to level 15!
The deep elf mage gestures wildly while chanting.
The deep elf mage blinks!
Spoiler Alert: The deep elf mage can cast fireball and slow!
A deep elf mage is nearby!
A deep elf mage is nearby!
You see here an arrow.
You block the deep elf mage's attack.
You slice the deep elf mage!!
You kill the deep elf mage!
Lugonu accepts your kill.
Things that are here:
a +0 long sword; an elf corpse You see here an arrow.
Things that are here:
a +0 shortbow; 26 arrows; a centaur corpse You now have 1426 gold pieces (gained 21).
You now have 1430 gold pieces (gained 4).
You open the door.
You see here an arrow.
Things that are here:
a +0 shortbow; 26 arrows; a centaur corpse A fire giant comes into view.
It is wielding a +1 great sword of flaming.
The fire giant shouts!
The fire giant casts a spell at you. The bolt of fire hits you!!
Found a staircase to the Depths.
Spoiler Alert: The fire giant can cast fireball and bolt of fire!
A fire giant is nearby!
The fire giant points at you and mumbles some strange words.
The bolt of fire misses you.
The fire giant gestures at you while chanting.
The bolt of fire misses you.
The fire giant points at you and mumbles some strange words.
The bolt of fire hits you!!!
Spoiler Alert: The fire giant can cast fireball and bolt of fire!
The fire giant casts a spell at you.
The fireball explodes!
The fireball engulfs you!!!
* * * LOW HITPOINT WARNING * * *
The fire giant casts a spell at you.
The fireball explodes!
The fireball engulfs you!
* * * LOW HITPOINT WARNING * * *
The fireball engulfs the fire giant!
The fire giant resists.
Spoiler Alert: The fire giant (wandering) can cast fireball and bolt of fire!
Unknown command.
Spoiler Alert: The fire giant (wandering) can cast fireball and bolt of fire!
Aim: a fire giant, wielding a +1 great sword of flaming (lightly wounded, wandering, hasn't noticed you, chance to affect: 37%)
The fire giant shouts!
The fire giant easily resists.
The fire giant gestures at you while chanting.
The bolt of fire hits you!!!
Ouch! That really hurt!
You die...

#.#.#...†.........#
#.#.##########.#####
#.#.# ##...§§§.§§#
#.#.#####...§.§§§.§.#
..#.........§≈#§§§...#
#.###....#≈≈§≈≈#....
#....≈§≈≈.≈.≈§≈§..
.....##..§§≈C.§.§≈...
###. #..§.§@.>.§§#≈..
# #..§§≈≈..§§§§..
#.....≈≈≈≈.≈.≈§§
#.#.#...#≈≈≈§§#§ #
#.#...§§§#§≈..
#.##.§§§§≈.≈...
...........#
#..###..#####


You could see a fire giant.

Vanquished Creatures
  Rupert (Lair:3)
  A frost giant (IceCv)
  An ettin (Orc:2)
  10 hydras
  8 vault guards (D:14)
  4 catoblepae
  4 centaur warriors
  2 two-headed ogres
  A death knight (D:13)
  13 death yaks
  Urug (D:13)
  Sonja (Lair:6)
  2 unseen horrors
  The ghost of lessens the Carver, a novice TeAK of Lugonu (D:7)
  2 orc sorcerers
  2 oklob plants (Lair:5)
  4 orc knights
  A wolf spider zombie (D:12)
  13 ugly things
  2 deep elf magi
  2 will-o-the-wisps (D:13)
  2 cyclopes
  3 manticores
  A centaur zombie (D:15)
  2 ice statues (IceCv)
  6 black mambas
  A molten gargoyle (D:13)
  6 elephants (Lair:6)
  14 cane toads
  2 rime drakes (Lair:4)
  An efreet (D:11)
  8 komodo dragons
  A tengu conjurer (D:14)
  6 trolls
  A harpy zombie (D:11)
  16 polar bears
  A meliai (shapeshifter) (D:14)
  Prince Ribbit (D:8)
  A hornet (D:11)
  12 blink frogs
  A vampire (D:10)
  2 shadows
  7 wyverns
  Sigmund (D:2)
  2 wraiths (D:14)
  7 basilisks
  63 yaks
  2 fire elementals (D:13)
  9 vampire mosquitoes
  A basilisk (shapeshifter) (D:14)
  Menkaure (D:5)
  A steam dragon (Lair:4)
  2 wargs
  Edmund (D:6)
  3 nagas (Lair:4)
  16 water moccasins
  35 orc warriors
  5 sky beasts
  A swamp drake (D:13)
  9 ice beasts
  10 ogres
  5 black bears
  3 necrophages
  A phantom (D:4)
  20 centaurs
  20 wolves
  2 big kobolds
  Blork the orc (D:6)
  20 bullfrogs
  2 scorpions (D:10)
  A water moccasin skeleton (D:11)
  23 killer bees
  7 wights
  An electric eel (Lair:5)
  2 howler monkeys
  A bullfrog zombie (D:7)
  4 lava snakes (D:13)
  A bullfrog skeleton (D:10)
  4 centaur skeletons
  10 hounds
  3 jellies
  24 orc wizards
  14 orc priests
  Crazy Yiuf (D:3)
  Ijyb (D:3)
  6 iguanas
  11 worker ants
  3 hound zombies
  Robin (D:3)
  7 gnolls
  A worker ant zombie (D:9)
  9 adders
  A hound simulacrum (D:7)
  3 shadow imps
  6 white imps
  A worker ant simulacrum (D:7)
  3 ufetubi
  2 oozes
  An adder zombie (D:7)
  2 adder skeletons
  A worm (D:2)
  2 dart slugs (D:1)
  5 leopard geckos
  116 orcs
  4 giant cockroaches
  12 goblins
  10 hobgoblins
  9 jackals
  9 quokkas
  2 ball pythons (D:3)
  5 bats
  5 frilled lizards
  18 kobolds
  A kobold zombie (D:5)
  A leopard gecko skeleton (D:4)
  A quokka simulacrum (D:7)
  A quokka skeleton (D:5)
  2 quokka zombies
  5 rats
777 creatures vanquished.

Vanquished Creatures (others)
  An orc warlord (Orc:2)
  4 orc high priests (Orc:2)
  2 orc knights (Orc:2)
  2 orc sorcerers (Orc:2)
  A yak (Lair:4)
  14 orc warriors (Orc:2)
  9 orc priests (Orc:2)
  14 orc wizards (Orc:2)
  20 orcs (Orc:2)
  14 foxfires (D:13)
  15 fungi
  53 plants
  6 withered plants (Lair:5)
155 creatures vanquished.

Grand Total: 932 creatures vanquished

Notes
Turn   | Place    | Note
-------+----------+-------------------------------------------
     0 | Abyss:1  | jackrogers the Hill Orc Abyssal Knight began the quest for
                  | the Orb.
     0 | Abyss:1  | Reached XP level 1. HP: 19/19 MP: 2/2
   107 | D:1      | Escaped the Abyss
   174 | D:1      | Reached skill level 3 in Axes
   174 | D:1      | Reached skill level 3 in Invocations
   267 | D:1      | Reached XP level 2. HP: 26/26 MP: 4/4
  1429 | D:2      | Reached XP level 3. HP: 31/31 MP: 5/5
  1458 | D:2      | Reached skill level 4 in Invocations
  1783 | D:2      | Reached ** piety under Lugonu
  1837 | D:2      | Noticed Sigmund
  1856 | D:2      | HP: 7/31 [Sigmund/+0 scythe (8)]
  1868 | D:2      | Killed Sigmund
  1869 | D:2      | Reached skill level 4 in Axes
  1869 | D:2      | Reached skill level 6 in Invocations
  1869 | D:2      | Reached XP level 4. HP: 20/39 MP: 6/8
  1869 | D:2      | Reached XP level 5. HP: 23/45 MP: 6/9
  2331 | D:3      | Reached skill level 5 in Axes
  2338 | D:3      | Reached XP level 6. HP: 26/51 MP: 9/11
  2503 | D:3      | Noticed Robin
  2560 | D:3      | Killed Robin
  2567 | D:3      | HP: 11/51 [poisoned by Robin]
  2572 | D:3      | HP: 6/51 [poisoned by Robin]
  2577 | D:3      | HP: 3/51 [poisoned by Robin]
  2581 | D:3      | HP: 1/51 [poisoned by Robin]
  2849 | D:3      | Found a snail-covered altar of Cheibriados.
  2851 | D:3      | Found a shadowy altar of Dithmenos.
  2862 | D:3      | Found a shimmering altar of Xom.
  2869 | D:3      | Noticed Ijyb
  2887 | D:3      | Killed Ijyb
  2994 | D:3      | HP: 12/51 [gnoll/+0 spear (1)]
  3000 | D:3      | Reached skill level 6 in Axes
  3430 | D:3      | Found a runed translucent door.
  3431 | D:3      | Noticed Crazy Yiuf
  3440 | D:3      | Killed Crazy Yiuf
  3692 | D:4      | Noticed a phantom
  3717 | D:4      | Found a blossoming altar of Fedhas.
  3730 | D:4      | Killed a phantom
  3731 | D:4      | Reached skill level 7 in Axes
  3731 | D:4      | Reached XP level 7. HP: 28/57 MP: 12/12
  4281 | D:4      | Got a twisted plate armour
  4325 | D:4      | Reached skill level 8 in Axes
  4421 | D:4      | Found a staircase to the Ecumenical Temple.
  4678 | D:4      | Reached *** piety under Lugonu
  4804 | D:5      | Entered Level 5 of the Dungeon
  4850 | D:5      | Identified the +3 plate armour of Untruth {Harm rN+++ Will+
                  | Int-2} (You found it on level 4 of the Dungeon)
  5048 | D:5      | Noticed Menkaure
  5060 | D:5      | Killed Menkaure
  5061 | D:5      | Reached skill level 9 in Axes
  5075 | D:5      | Found a runed translucent door.
  5075 | D:5      | Noticed a human
  5225 | D:5      | Found a basalt altar of Yredelemnul.
  5372 | D:5      | Reached XP level 8. HP: 32/64 MP: 13/13
  5578 | D:5      | Reached skill level 10 in Axes
  5921 | D:5      | Reached skill level 4 in Fighting
  5933 | D:5      | Reached skill level 3 in Armour
  6310 | D:6      | HP: 13/67 [orc warrior/+0 glaive (10)]
  6316 | D:6      | HP: 14/67 [orc warrior/+0 glaive (2)]
  6342 | D:6      | Reached skill level 5 in Fighting
  6345 | D:6      | HP: 17/68 [something (3)]
  6350 | D:6      | HP: 11/68 [sky beast (2)]
  6350 | D:6      | HP: 4/68 [sky beast (7)]
  6360 | D:6      | HP: 17/68 [something (7)]
  6368 | D:6      | HP: 12/68 [something (1)]
  6368 | D:6      | HP: 5/68 [something (7)]
  6372 | D:6      | Reached skill level 4 in Armour
  6496 | D:6      | Found a basalt altar of Yredelemnul.
  6662 | D:6      | Noticed Blork the orc
  6677 | D:6      | Killed Blork the orc
  6770 | D:6      | Noticed Edmund
  6801 | D:6      | Killed Edmund
  6802 | D:6      | Reached skill level 11 in Axes
  6802 | D:6      | Reached XP level 9. HP: 24/75 MP: 14/14
  7018 | D:6      | Reached skill level 6 in Fighting
  7085 | D:6      | Reached skill level 5 in Armour
  7498 | D:6      | Reached **** piety under Lugonu
  7646 | D:7      | Found a shimmering altar of Xom.
  7712 | D:7      | HP: 19/78 [poisoned by a killer bee]
  7717 | D:6      | HP: 15/78 [poisoned by a killer bee]
  7722 | D:6      | HP: 13/78 [poisoned by a killer bee]
  7727 | D:6      | HP: 12/78 [poisoned by a killer bee]
  7733 | D:6      | HP: 13/78 [poisoned by a killer bee]
  7739 | D:6      | HP: 15/78 [poisoned by a killer bee]
  7747 | D:6      | HP: 18/78 [poisoned by a killer bee]
  7896 | D:7      | Reached skill level 7 in Fighting
  7985 | D:7      | Found a sacrificial altar of Ru.
  8136 | D:7      | Found a glowing golden altar of the Shining One.
  8161 | D:7      | Reached skill level 6 in Armour
  8289 | D:7      | Found Qeixuliac's Distillery.
  8292 | D:7      | Bought a potion of heal wounds for 65 gold pieces
  8292 | D:7      | Bought a potion of heal wounds for 65 gold pieces
  8292 | D:7      | Bought 2 potions of curing for 78 gold pieces
  8292 | D:7      | Bought a potion of curing for 39 gold pieces
  8292 | D:7      | Bought a potion of curing for 39 gold pieces
  8294 | D:7      | Noticed lessens's ghost (novice TeAK)
  8318 | D:7      | Reached skill level 12 in Axes
  8329 | D:7      | HP: 18/79 [killer bee (8)]
  8335 | D:7      | HP: 18/80 [poisoned by a killer bee]
  8342 | D:7      | HP: 19/80 [poisoned by a killer bee]
  8459 | D:7      | Found a runed translucent gate.
  8459 | D:7      | Found a runed translucent gate.
  8459 | D:7      | Found a runed translucent gate.
  8543 | D:7      | Found Enneol's Jewellery Boutique.
  8543 | D:7      | Found Liog's Antique Weapon Shop.
  8944 | D:8      | Reached skill level 8 in Fighting
  8956 | D:8      | Reached XP level 10. HP: 74/88 MP: 15/15
  8964 | D:8      | Reached skill level 7 in Armour
  8966 | D:8      | Reached ***** piety under Lugonu
  8991 | D:8      | Found a radiant altar of Vehumet.
  9213 | D:8      | Noticed Prince Ribbit
  9226 | D:8      | Killed Prince Ribbit
  9487 | D:7      | Bought a jewelled war axe for 221 gold pieces
  9487 | D:7      | Identified the +7 war axe of Courage {vamp, Dex+4} (You
                  | bought it in a shop on level 7 of the Dungeon)
  9534 | D:7      | Killed lessens's ghost
  9535 | D:7      | Reached skill level 13 in Axes
  9535 | D:7      | Reached skill level 2 in Shields
  9574 | D:7      | Got the ring of Cimam {Fire}
  9589 | D:7      | Identified the ring of Cimam {Fire Dex+7} (You found it on
                  | level 7 of the Dungeon)
  9655 | D:9      | Reached skill level 3 in Shields
  9689 | D:9      | Reached skill level 4 in Shields
  9799 | D:9      | Reached skill level 14 in Axes
  9845 | D:9      | Noticed a purple ugly thing
  9856 | D:9      | Killed a purple ugly thing
  9857 | D:9      | Reached XP level 11. HP: 95/95 MP: 16/16
  9882 | D:9      | Reached skill level 15 in Axes
 10049 | D:10     | Entered Level 10 of the Dungeon
 10061 | D:10     | Killed an unseen horror
 10142 | D:10     | Found a flagged portal.
 10163 | Bailey   | Entered a bailey
 10569 | Bailey   | Reached ****** piety under Lugonu
 10591 | Bailey   | Reached skill level 16 in Axes
 10602 | Bailey   | Reached skill level 1 in Dodging
 10625 | Bailey   | Got a pitted ruby amulet
 10626 | Bailey   | Noticed an orc knight
 10631 | Bailey   | HP: 17/95 [orc warrior/+0 glaive (27)]
 10768 | Bailey   | Escaped the Abyss
 10771 | Bailey   | Reached skill level 9 in Fighting
 10779 | Bailey   | Killed an orc knight
 10780 | Bailey   | Reached skill level 8 in Armour
 11055 | D:10     | Reached skill level 2 in Dodging
 11406 | D:10     | Identified a scroll of acquirement
 11406 | D:10     | Acquired a +4 ring of slaying
 11492 | D:11     | Noticed a cyclops
 11510 | D:11     | Killed a cyclops
 11582 | D:11     | Reached skill level 3 in Dodging
 11588 | D:11     | Reached skill level 10 in Fighting
 11599 | D:11     | Found a staircase to the Lair.
 11606 | D:11     | Reached skill level 9 in Armour
 11825 | D:11     | Reached XP level 12. HP: 107/107 MP: 17/17
 11929 | D:11     | Noticed a two-headed ogre
 11935 | D:11     | Killed a two-headed ogre
 11936 | D:11     | Reached skill level 4 in Dodging
 12216 | D:11     | Found Wir Jyk's Book Shoppe.
 12367 | D:7      | Bought a glowing hand axe for 156 gold pieces
 12801 | D:12     | Reached skill level 11 in Fighting
 13011 | D:12     | Reached skill level 10 in Armour
 13017 | D:12     | Found Beces's Armour Shop.
 13089 | D:12     | Reached skill level 5 in Dodging
 13193 | D:12     | Found a staircase to the Orcish Mines.
 13451 | D:12     | Identified the amulet of Zin's Felicitations {Reflect Will+
                  | SH+5} (You found it in a bailey)
 13495 | Orc:1    | Entered Level 1 of the Orcish Mines
 13628 | Orc:1    | Noticed a two-headed ogre
 13636 | Orc:1    | Killed a two-headed ogre
 13918 | Orc:2    | Entered Level 2 of the Orcish Mines
 13918 | Orc:2    | Found a staircase to the Elven Halls.
 13980 | Orc:2    | Noticed an ettin
 13991 | Orc:2    | Killed an ettin
 13992 | Orc:2    | Reached skill level 12 in Fighting
 13992 | Orc:2    | Reached skill level 6 in Dodging
 14192 | Orc:2    | Reached skill level 11 in Armour
 14529 | Orc:2    | Found Meturana's Antique Armour Emporium.
 14539 | Orc:2    | Bought a glowing tower shield for 225 gold pieces
 14539 | Orc:2    | Bought an embroidered hat for 210 gold pieces
 14659 | Orc:2    | Reached XP level 13. HP: 106/118 MP: 18/18
 14664 | Orc:2    | Noticed an orc warlord
 14677 | Orc:2    | Corrupted Orc:2
 14677 | Orc:2    | Noticed a bone dragon
 14677 | Orc:2    | Noticed a starcursed mass
 14677 | Orc:2    | Noticed a green very ugly thing
 14677 | Orc:2    | Noticed a cacodemon
 14683 | Orc:2    | Noticed a reaper
 14688 | Orc:2    | Killed an orc warlord
 14816 | Orc:2    | Reached skill level 5 in Shields
 14833 | Orc:2    | Found a roughly hewn altar of Beogh.
 14917 | Orc:2    | Reached skill level 6 in Shields
 15024 | Orc:2    | Found Otaerhew's General Store.
 15024 | Orc:2    | Found Reppe's Jewellery Emporium.
 15039 | Orc:2    | Found Pestrabryt's Antique Armour Emporium.
 15039 | Orc:2    | Found Gurub's Antique Weapon Shoppe.
 15583 | Lair:1   | Entered Level 1 of the Lair of Beasts
 15589 | Lair:1   | Reached skill level 7 in Shields
 15711 | Lair:1   | Found the ring of the Hare {EV+8}
 15780 | Lair:1   | Reached skill level 8 in Shields
 16926 | Lair:2   | Reached skill level 9 in Shields
 17784 | Orc:2    | Bought a pair of gloves for 171 gold pieces
 18209 | Lair:3   | Noticed Rupert
 18218 | Lair:3   | Reached skill level 10 in Shields
 18229 | Lair:3   | HP: 26/118 [catoblepas (7)]
 18252 | Lair:3   | Killed Rupert
 18253 | Lair:3   | Reached skill level 11 in Shields
 18907 | Lair:4   | Reached XP level 14. HP: 127/127 MP: 19/19
 18951 | Lair:4   | Found a frozen archway.
 18962 | IceCv    | Entered an ice cave
 19013 | IceCv    | Reached skill level 12 in Shields
 19719 | IceCv    | Reached skill level 13 in Fighting
 19770 | IceCv    | Noticed a frost giant
 19784 | IceCv    | Killed a frost giant
 19785 | IceCv    | Reached skill level 12 in Armour
 20056 | Lair:4   | Found a staircase to the Shoals.
 20112 | Lair:4   | Found a staircase to the Snake Pit.
 21358 | Lair:5   | Found a runed translucent gate.
 21359 | Lair:5   | Found a runed translucent gate.
 21360 | Lair:5   | Found a runed translucent gate.
 21363 | Lair:5   | Noticed Ruewk's ghost (journeyman CeAM)
 21363 | Lair:5   | Noticed Qeimiotua's ghost (journeyman MiFi)
 21477 | Lair:5   | Reached skill level 13 in Shields
 21520 | Lair:5   | Found a viscous altar of Jiyva.
 21520 | Lair:5   | Found a staircase to the Slime Pits.
 21555 | Lair:5   | HP: 32/130 [acid (16)]
 21560 | Lair:5   | HP: 29/130 [acid (15)]
 21562 | Lair:5   | Reached skill level 14 in Fighting
 22189 | Lair:5   | Reached skill level 13 in Armour
 22522 | Lair:6   | Entered Level 6 of the Lair of Beasts
 22570 | Lair:6   | Reached XP level 15. HP: 125/138 MP: 20/20
 22635 | Lair:6   | Found an iron altar of Okawaru.
 22946 | Lair:6   | Noticed Sonja
 22958 | Lair:6   | Killed Sonja
 23086 | Lair:6   | Reached skill level 15 in Fighting
 23086 | Lair:6   | Reached skill level 14 in Shields
 23496 | Lair:6   | Got a faintly glowing robe
 24191 | D:13     | Reached skill level 14 in Armour
 24193 | D:13     | Found Renupenk's Armour Shoppe.
 24284 | D:13     | Noticed Urug
 24299 | D:13     | Killed Urug
 25632 | D:14     | Found a gate to the Vaults.
 25656 | D:14     | Reached XP level 16. HP: 151/151 MP: 21/21
 25783 | D:14     | Reached skill level 16 in Fighting
 26315 | D:15     | Entered Level 15 of the Dungeon
 26343 | D:15     | Reached skill level 15 in Shields
 26449 | D:15     | Found a staircase to the Depths.
 26457 | D:15     | HP: 21/151 [fire giant/fireball (50)]
 26458 | D:15     | HP: 8/151 [fire giant/fireball (13)]
 26459 | D:15     | Killed from afar by a fire giant

Illustrated notes

Levels and vault maps discovered:
D:1:      roderic_chinese_lattice_arrival, layout_basic, serial_forest,
          infiniplex_forest_lined_room_, infiniplex_forest_clump_double,
          infiniplex_forest_zigzag_2, infiniplex_forest_lined_2,
          infiniplex_forest_end_1, infiniplex_forest_clump_curved,
          infiniplex_forest_clump_large, hex_large, minmay_pentomino_p4
D:2:      layout_rooms, uniq_sigmund
D:3:      layout_rooms, gammafunk_temple_overflow_forgotten,
          uniq_crazy_yiuf_cottage, uniq_ijyb, uniq_robin
D:4:      layout_basic, fedhas_altar_2, minmay_temple_entry_grid
D:5:      layout_loops_corners, dk_yredelemnul_ordeal, uniq_menkaure
D:6:      cheibrodos_barr_body, layout_gridville, basic_altar,
          grunt_decor_resistance, uniq_edmund, uniq_blork_the_orc
D:7:      layout_loops_ring, nicolae_ru_path_of_blood,
          nicolae_tso_carved_into_rock, serial_shops, shop,
          nicolae_shop_temple_entry_statues_fountains, shop,
          gammafunk_ghost_icy, xom_confusion_cloud
D:8:      layout_gridville, vehumet_altar_wand_db,
          chequers_serial_rivers_micro_d, uniq_prince_ribbit1
D:9:      layout_gridville
D:10:     layout_big_octagon, enter_bailey_5
D:11:     layout_stronghold, minmay_lair_entry_grove, serial_shops, shop,
          chequers_serial_rivers_large_b
D:12:     layout_loops_ring, david_orc_4, serial_shops, shop
D:13:     erik_rubicon_a, layout_long_grid, serial_shops, shop,
          minmay_misc_feat_cross, minmay_misc_feat_doors, pond, uniq_urug
D:14:     layout_long_grid, erik_vaults_2, infiniplex_staircase_squiggle
D:15:     grunt_enter_depths_giant_problem, layout_basic,
          chequers_serial_rivers_large_a
Lair:1:   beast_lair_carwin_large_2, layout_small_grid
Lair:2:   layout_cave_pods
Lair:3:   layout_regular_city, st_stairs_5, serial_bayou_lagoon_a,
          lemuel_fruit_fields, uniq_rupert
Lair:4:   layout_cave_pods, minmay_shoals_entry_centaurs,
          guppyfry_snake_entry_island, portal_ice_cave_rime,
          kennysheep_catoblepas_arena
Lair:5:   layout_roguey, dpeg_slime_entry_enclosed_altar,
          gammafunk_ghost_cemetery, serial_bayou_ford_a, grunt_megastairs_5,
          minmay_lair_oklob_chamber
Lair:6:   evilmike_catoblepas_cave, layout_misc_corridors, basic_altar,
          uniq_sonja
Orc:1:    layout_caves
Orc:2:    st_orc_congregation, layout_diamond_mine, serial_shops, shop,
          basic_altar

Skill      XL: |  1  2  3  4  5  6  7  8  9 10 11 12 13 14 15 16 |
---------------+-------------------------------------------------+-----
Axes           | 3 4 5 7 9 11 12 14 16 | 16.0
Invocations    | 3 6 |  6.9
Fighting       | 5 8 10 12 14 15 16 | 16.1
Armour         | 4 6 7 9 11 13 14 | 14.8
Shields        | 4 11 13 14 15 | 15.0
Dodging        | 3 6 |  6.2

Action                   |  1- 3 |  4- 6 |  7- 9 | 10-12 | 13-15 | 16-18 || total
-------------------------+-------+-------+-------+-------+-------+-------++-------
Melee: Hand axe          |    89 |   142 |   491 |    81 |       |       ||   803
       War axe           |       |       |       |   511 |   792 |    52 ||  1355
       Scimitar          |       |       |       |       |    53 |       ||    53
Throw: Javelin           |     5 |     6 |    38 |   103 |    82 |    11 ||   245
Invok: Depart the Abyss  |       |       |       |     1 |       |       ||     1
       Enter the Abyss   |       |       |       |     1 |       |       ||     1
       Bend Space        |       |       |       |       |     1 |       ||     1
       Corrupt           |       |       |       |       |     1 |       ||     1
       Banish            |       |       |       |       |       |     1 ||     1
  Use: Potion            |     1 |     1 |     2 |     3 |     9 |       ||    16
       Scroll            |       |     9 |     7 |    11 |     3 |       ||    30
 Stab: Petrified         |       |       |       |       |     8 |       ||     8
       Petrifying        |       |       |       |       |     1 |       ||     1
Armor: Leather armour    |    18 |       |       |       |       |       ||    18
       Ring mail         |    15 |    51 |    13 |       |       |       ||    79
       Plate armour      |       |       |   295 |   291 |   272 |    11 ||   869
Dodge: Dodged            |    48 |    75 |   123 |   161 |   214 |     9 ||   630
Block: Buckler           |       |       |       |   201 |       |       ||   201
       Tower shield      |       |       |       |     6 |   843 |    51 ||   900
       Reflection        |       |       |       |     3 |    24 |    11 ||    38
       Rpst.: Scimitar   |       |       |       |       |     5 |       ||     5

Table legend: (Time is in decaauts)
 A = Elapsed time spent in this place.
 B = Non-inter-level travel time spent in this place.
 C = Inter-level travel time spent in this place.
 D = Time resting spent in this place.
 E = Time spent auto-exploring this place.
 F = Levels seen in this place.
 G = Mean time per level.
                   A        B        C        D        E       F      G
               +--------+--------+--------+--------+--------+-----+--------+
         Total |  26228 |  23834 |   2394 |   4238 |  14579 |  27 |  971.4 |
       Dungeon |  15683 |  14369 |   1314 |   2855 |   8951 |  15 | 1045.5 |
          Lair |   6435 |   5855 |    580 |    664 |   4246 |   6 | 1072.5 |
  Orcish Mines |   2342 |   1842 |    500 |    114 |   1025 |   2 | 1171.0 |
         Abyss |    242 |    242 |      0 |    129 |     34 |   2 |  121.0 |
        Bailey |    479 |    479 |      0 |     14 |     49 |   1 |  479.0 |
      Ice Cave |   1045 |   1045 |      0 |    462 |    273 |   1 | 1045.0 |
               +--------+--------+--------+--------+--------+-----+--------+

Top non-repeatable levels by time:
   Orc:2: 1687 daAuts
     D:6: 1584 daAuts
    D:13: 1513 daAuts
     D:3: 1398 daAuts
     D:5: 1389 daAuts
    D:11: 1308 daAuts
     D:1: 1292 daAuts
     D:7: 1273 daAuts
  Lair:5: 1249 daAuts
  Lair:1: 1194 daAuts
     D:4: 1111 daAuts
  Lair:3: 1106 daAuts
  Lair:6: 1080 daAuts
   IceCv: 1045 daAuts
    D:12: 985 daAuts

Table legend:
 A = Kills in this place as a percentage of kills in entire the game.
 B = Kills by you in this place as a percentage of kills by you in the entire game.
 C = Kills by friends in this place as a percentage of kills by friends in the entire game.
 D = Other kills in this place as a percentage of other kills in the entire game.
 E = Experience gained in this place as a percentage of experience gained in the entire game.
 F = Experience gained in this place divided by the number of levels of this place that you have seen.
                   A       B       C       D       E      F
               +-------+-------+-------+-------+-------+----------------------
         Total | 100.0 | 100.0 |   N/A | 100.0 | 100.0 | 5144.7
       Dungeon |  56.7 |  56.8 |   N/A |   0.0 |  38.0 | 3519.6
          Lair |  23.1 |  23.0 |   N/A | 100.0 |  46.7 | 10820.7
  Orcish Mines |  12.3 |  12.4 |   N/A |   0.0 |   6.9 | 4760.5
        Bailey |   3.2 |   3.2 |   N/A |   0.0 |   1.2 | 1709.0
      Ice Cave |   4.6 |   4.6 |   N/A |   0.0 |   7.2 | 9958.0
               +-------+-------+-------+-------+-------+----------------------
